Map: Remanso LE

Players

Tatzel - Winner!

  • Race: Terran Terran
  • League: Silver
  • Spawn Location: 11:00

IagoAbreu

  • Race: Protoss Protoss
  • League: Gold
  • Spawn Location: 5:00

VOD

Have the link to the VOD?

Description

Time

  • Played on: March 17, 2018, 12:08 p.m.
  • Length: 17:12
Show
View Real Time Build Order
Export as new Build Order

Tatzel Terran - Winner!

Build Orders:  

Get SALT Encoding   

  12  0:01  SCV  
  13  0:21  SCV  
  14  0:23  Supply Depot  
  14  0:33  SCV  
  15  0:41  Engineering Bay  
  15  0:45  SCV  
  16  0:53  Supply Depot  
  16  0:57  SCV  
  17  1:11  Barracks  
  17  1:15  Supply Depot  
  17  1:19  Refinery  
  17  1:23  Refinery  
  17  1:28  SCV  
  18  1:40  SCV  
  18  1:43  Missile Turret  
  19  1:52  SCV  
  20  2:04  SCV  
  20  2:06  Marine  
  22  2:17  SCV  
  23  2:24  Marine  
  23  2:26  Factory  
  23  2:29  SCV  
  25  2:41  Terran Infantry Weapons Level 1  
  25  2:42  Marine  
  26  2:59  Marine  
  27  3:15  Hellion  
  27  3:16  Bunker  
  27  3:17  Marine  
  30  3:35  Marine  
  30  3:36  Hellion  
  33  3:47  Barracks  
  33  3:52  Starport  
  33  3:53  Marine  
  34  3:59  Factory Tech Lab  
  34  4:08  Command Center  
  34  4:11  Marine  
  35  4:29  Marine  
  36  4:35  Terran Infantry Armor Level 1  
  34  4:59  Marine  
  34  5:00  Marine  
  36  5:08  Barracks  
  36  5:09  Widow Mine  
  38  5:17  Marine  
  38  5:19  Marine  
  40  5:24  Supply Depot  
  40  5:32  SCV  
  40  5:35  Marine  
  41  5:37  Marine, SCV  
  44  5:44  SCV  
  44  5:46  Supply Depot  
  45  5:53  Marine  
  45  5:55  Marine  
  45  5:56  SCV  
  48  5:57  Marine  
  48  5:58  Supply Depot  
  49  6:07  Cyclone  
  49  6:11  Marine, SCV  
  53  6:12  Marine  
  53  6:15  Marine  
  56  6:23  SCV  
  57  6:29  Marine  
  57  6:30  Marine  
  58  6:33  Marine  
  58  6:38  Planetary Fortress  
  57  6:46  Marine  
  55  6:48  Marine  
  55  6:51  Marine  
  54  7:02  Planetary Fortress  
  54  7:05  Marine  
  54  7:06  Marine  
  56  7:17  Sensor Tower  
  56  7:25  Siege Tank  
  56  7:26  Missile Turret  
  59  7:34  Marine x2  
  59  7:35  Marine  
  62  7:44  Armory  
  62  7:52  Marine x2  
  62  7:55  Supply Depot  
  64  8:00  Refinery  
  64  8:19  SCV  
  65  8:22  Missile Turret  
  65  8:24  Refinery  
  65  8:31  SCV  
  66  8:34  Marine x2  
  66  8:35  Marine  
  66  8:37  Starport Tech Lab  
  69  8:43  SCV  
  69  8:44  Missile Turret  
  70  8:52  Marine x3  
  70  8:55  SCV  
  74  9:01  Siege Tank  
  77  9:03  Supply Depot  
  77  9:05  Missile Turret  
  77  9:07  SCV  
  78  9:18  Medivac  
  78  9:23  Marine x2  
  82  9:34  Missile Turret  
  82  9:38  Terran Infantry Armor Level 2  
  82  9:48  Medivac  
  84  10:18  Medivac  
  64  10:48  Medivac  
  64  10:49  Marine x2  
  66  10:50  Marine  
  66  10:56  Hellion  
  71  11:07  Marine x3  
  74  11:17  Hellion  
  76  11:22  Barracks  
  76  11:25  Marine x3  
  79  11:39  Hellion  
  81  11:43  Marine x3  
  84  11:54  Terran Infantry Weapons Level 2, Terran Vehicle Weapons Level 1  
  84  11:55  Medivac  
  84  11:59  Barracks  
  84  12:00  Hellion  
  84  12:01  Marine x3  
  91  12:18  Marine  
  91  12:19  Marine x2  
  94  12:26  Command Center  
  94  12:36  Supply Depot  
  94  12:53  Supply Depot  
  94  12:57  Marine x3  
  94  12:58  Marine, Medivac, Hellion  
  102  13:14  Marine  
  102  13:15  Marine x3  
  102  13:16  Marine  
  102  13:18  Supply Depot  
  107  13:32  Marine  
  107  13:33  Marine x2  
  110  13:37  Marine x2  
  112  13:44  Supply Depot  
  112  13:50  Marine  
  112  13:51  Marine x2  
  112  13:55  Marine x2  
  109  14:08  Marine, Supply Depot  
  109  14:09  Marine  
  107  14:42  Marine  
  107  14:43  Marine x4  
  112  14:54  Siege Tank  
  115  15:00  Marine x2  
  115  15:01  Marine x3, Barracks  
  115  15:03  SCV  
  121  15:18  Marine x2  
  121  15:19  Marine x3  
  126  15:36  Marine  
  126  15:38  Marine x4  
  131  15:54  Marine  
  131  15:55  Supply Depot  
  132  16:16  Marine x3  
  132  16:17  Marine x3  
  137  16:29  Supply Depot  
  137  16:34  Marine x5  
  142  16:52  Supply Depot  
Show
View Real Time Build Order
Export as new Build Order

IagoAbreu Protoss 

Build Orders: Mass Adepts 

Get SALT Encoding   

  12  0:17  Pylon  
  12  0:41  Probe (Chrono Boost)  
  13  0:48  Forge, Pylon  
  14  0:51  Probe (Chrono Boost)  
  14  1:05  Assimilator  
  14  1:09  Assimilator  
  14  1:12  Gateway  
  14  1:16  Probe (Chrono Boost)  
  16  1:26  Probe (Chrono Boost)  
  16  1:32  Gateway  
  16  1:37  Probe  
  17  1:49  Probe  
  18  1:58  Photon Cannon  
  18  2:01  Probe  
  19  2:10  Pylon  
  19  2:25  Gateway  
  19  2:28  Cybernetics Core  
  19  2:40  Gateway  
  19  2:44  Probe  
  20  3:07  Adept (Chrono Boost)  
  20  3:08  Adept (Chrono Boost)  
  26  3:23  Adept (Chrono Boost)  
  26  3:29  Adept  
  28  3:40  Adept  
  30  3:49  Pylon  
  30  3:51  Pylon  
  30  4:07  Adept x2  
  34  4:10  Photon Cannon  
  34  4:16  Adept x2  
  36  4:52  Adept x2  
  38  4:53  Adept x2  
  36  5:05  Nexus  
  36  5:33  Pylon  
  36  5:49  Pylon  
  36  5:55  Robotics Facility  
  36  6:00  Stargate  
  36  6:04  Stargate  
  20  6:57  Void Ray x2 (Chrono Boost)  
  20  7:01  Observer  
  29  7:12  Assimilator  
  29  7:14  Probe (Chrono Boost)  
  30  7:17  Assimilator  
  32  7:23  Probe (Chrono Boost)  
  32  7:24  Probe (Chrono Boost)  
  32  7:29  Probe (Chrono Boost)  
  33  7:40  Probe  
  34  7:52  Probe  
  35  8:01  Robotics Bay  
  36  8:09  Probe x2 (Chrono Boost)  
  37  8:17  Probe (Chrono Boost)  
  37  8:19  Probe (Chrono Boost)  
  39  8:21  Void Ray x2  
  39  8:23  Probe  
  39  8:26  Observer  
  49  8:35  Probe  
  49  8:36  Warp Gate  
  50  8:47  Probe, Warp Prism  
  52  9:22  Colossus  
  58  9:34  Stalker x2  
  58  9:35  Stalker  
  58  9:36  Stalker  
  66  9:49  Probe (Chrono Boost)  
  67  9:59  Probe (Chrono Boost)  
  68  10:04  Probe (Chrono Boost)  
  69  10:16  Twilight Council, Probe  
  70  10:28  Probe  
  38  11:01  Stargate  
  38  11:02  Stargate  
  38  11:04  Stargate  
  35  11:06  Stargate  
  35  11:09  Stargate  
  29  11:32  Pylon  
  29  11:34  Pylon  
  29  11:40  Nexus  
  29  11:42  Nexus  
  29  11:56  Void Ray x2  
  37  12:07  Assimilator x2  
  37  12:15  Robotics Facility  
  37  12:30  Robotics Facility  
  35  13:12  Warp Prism (Chrono Boost)  
  33  13:24  Colossus (Chrono Boost)  
  39  13:40  Shield Battery  
  35  14:04  Colossus (Chrono Boost)  
  25  14:52  Colossus (Chrono Boost)  
  31  15:02  Pylon  
  30  15:46  Phoenix  
Tags
 
Composition
Mass Adepts
Matchup
PvT
Spawn Locations
Cross Positions
Add a new tag
Caveats
  • Supply blocks, unpowered buildings, or Contaminate may cause inaccurate times.
  • Supply counts are checked every 10 seconds.